 Dungeon Crawl Stone Soup version 0.17.1-1-g73c8601 (webtiles) character file.

161980 vale the Unseen (level 17, -11/164 HPs)
             Began as a Naga Wizard on Apr 16, 2016.
             Was the Champion of Cheibriados.
             Killed from afar by a shock serpent (20 damage)
             ... with a bolt of electricity
             ... on level 1 of the Snake Pit.
             The game lasted 02:19:22 (39076 turns).

vale the Unseen (Naga Wizard)                      Turns: 39076, Time: 02:19:22

Health: -11/164    AC: 13    Str: 31    XL:     17   Next: 80%
Magic:  3/32       EV: 22    Int: 40    God:    Cheibriados [******]
Gold:   669        SH:  0    Dex: 26    Spells: 9 memorised, 7 levels left

rFire  . . .     SeeInvis +     a - +3 lajatang (slice)
rCold  . . .     Clarity  .     U - +1 robe "Jirat" {Slay+2 Stlth+}
rNeg   + . .     SustAt   .     (shield currently unavailable)
rPois  +         Gourm    .     (helmet restricted)
rElec  .         Spirit   .     O - +2 cloak {MR+}
rCorr  .         Warding  .     W - +2 pair of gloves
rMut   .         Stasis   .     (no barding)
MR     +++..                    K - amulet of regeneration
Stlth  +++++++++.               z - +2 ring of intelligence
                                w - ring of positive energy

@: mighty, lethally poisoned (-11 -> -12), about to teleport, very slightly
contaminated, very slow, extremely resistant to hostile enchantments, incredibly
stealthy
A: antennae 1, see invisible, deformed body, poison resistance, slowness 2, slow
metabolism 1, spit poison 2, constrict 1, AC +5
a: Spit Poison, Bend Time, Temporal Distortion, Slouch, Step From Time, Renounce
Religion


You were on level 1 of the Snake Pit.
You worshipped Cheibriados.
Cheibriados was exalted by your worship.
You were hungry.

You visited 6 branches of the dungeon, and saw 31 of its levels.

You collected 2532 gold pieces.
You spent 1863 gold pieces at shops.

Inventory:

Hand Weapons
 a - a +3 lajatang of slicing (weapon)
 b - a +0 blowgun
 p - the +8 dagger of Outrage {pierce, SInv Stlth+}
   (You found it on level 4 of the Dungeon)

   It inflicts extra damage upon your enemies.
   It lets you see invisible.
   It makes you more stealthy.
Missiles
 l - 73 poisoned needles
 u - 7 curare-tipped needles
Armour
 O - a +2 cloak of magic resistance (worn)
 U - the +1 robe "Jirat" (worn) {Slay+2 Stlth+}
   (You bought it in a shop on level 3 of the Orcish Mines)

   It affects your accuracy and damage with ranged weapons and melee attacks
   (+2).
   It makes you more stealthy.
 W - a +2 pair of gloves (worn)
Magical Staves
 P - an uncursed staff of cold
Jewellery
 w - a ring of positive energy (left hand)
 z - a +2 ring of intelligence (right hand)
 K - an amulet of regeneration (around neck)
Wands
 f - a wand of digging (9)
 s - a wand of teleportation (1)
 C - a wand of disintegration (8)
 J - a wand of lightning (0)
 Y - a wand of enslavement (7)
Scrolls
 e - 3 scrolls of recharging
 h - 13 scrolls of remove curse
 m - 3 scrolls of blinking
 v - 4 scrolls of immolation
 y - a scroll of holy word
 A - 7 scrolls of teleportation
 M - 8 scrolls of magic mapping
 S - 3 scrolls of fear
 Z - 7 scrolls of identify
Potions
 c - a potion of brilliance
 t - 3 potions of flight
 x - 7 potions of heal wounds
 F - 3 potions of agility
 G - 13 potions of curing
 H - 2 potions of cancellation
 I - 3 potions of might
 L - 5 potions of invisibility
Miscellaneous
 V - a fan of gales
Comestibles
 r - 44 fruits
 D - 12 meat rations {@e2}


   Skills:
 - Level 13.5 Fighting
 - Level 2.2 Short Blades
 * Level 9.6 Staves
 - Level 11.5 Dodging
 - Level 16.0 Stealth
 * Level 11.1 Spellcasting
 - Level 10.0 Conjurations
 - Level 4.0 Charms
 - Level 1.0 Summonings
 - Level 1.0 Translocations
 - Level 9.0 Ice Magic
 - Level 7.9 Air Magic
 + Level 0.4 Earth Magic
 - Level 12.8 Invocations


You had 7 spell levels left.
You knew the following spells:

 Your Spells              Type           Power        Failure   Level  Hunger
a - Magic Dart            Conj           ####         1%          1    None
b - Statue Form           Trmt/Erth      ###......    100%        6    ###....
c - Conjure Flame         Conj/Fire      ######..     1%          3    None
d - Mephitic Cloud        Conj/Pois/Air  ######..     1%          3    None
e - Call Imp              Summ           ####....     1%          2    None
f - Repel Missiles        Chrm/Air       ######       1%          2    None
h - Freezing Cloud        Conj/Ice/Air   #######...   8%          6    ###....
i - Iron Shot             Conj/Erth      ######....   34%         6    ###....
p - Blink                 Tloc           N/A          1%          2    None


Dungeon Overview and Level Annotations

Branches:
Dungeon (14/15)            Temple (1/1) D:4            Lair (8/8) D:8
  Swamp (3/4) Lair:4        Snake (1/4) Lair:5        Slime (0/6) Lair:7
    Orc (4/4) D:9             Elf (0/3) Orc:3        Vaults (0/5) D:13

Altars:
Ashenzari
Cheibriados
Dithmenos
Elyvilon
Fedhas
Gozag
Kikubaaqudgha
Makhleb
Nemelex Xobeh
Okawaru
Qazlal
Ru
Sif Muna
Trog
Vehumet
Xom
Yredelemnul
Zin
The Shining One

Shops:
Orc:3 *!}?[   Orc:4 [[(%?   Snake:1 *

Annotations:
Lair:8 exclusions: door and hydra
Swamp:3 exclusion: oklob plant


Innate Abilities, Weirdness & Mutations

You cannot wear boots.
Your serpentine skin is tough (AC +5).
You have supernaturally acute eyesight.
Armour fits poorly on your strangely shaped body.
Your system is resistant to poisons.
You cover ground very slowly.
You have a slow metabolism.
You can spit poison.
You can use your snake-like lower body to constrict enemies.
You have a pair of small antennae on your head.


Message History

The guardian serpent completely misses you.
The shock serpent bites you!
* * * LOW HITPOINT WARNING * * *
The shock serpent shocks you!
* * * LOW HITPOINT WARNING * * *
The naga sharpshooter casts a spell.
The naga sharpshooter magically shoots a bolt of penetration.
The bolt of penetration pierces through you.
* * * LOW HITPOINT WARNING * * *
The guardian serpent hits you!
* * * LOW HITPOINT WARNING * * *
You take 33 damage, and have 8/164 hp.
MASSIVE DAMAGE!!
Read which item? (? for menu, Esc to quit)
Blink to where?
You lose your grip on something.
You are very lightly contaminated with residual magic.
As you read the scroll of blinking, it crumbles to dust.
The shock serpent shoots out a bolt of lightning at you!
The bolt of electricity hits you!
You die...

.S.....#.N.#N(S(...#
##.N......{#)##§...##.#
.....N.#####)##S......##
##...SN)((((.S§§........
.>......####N##§§§.#...#
###.#....###(##§##.##..#
#.#..(..##(.#§§#.# ... .
#..(((..((..§#§..#
..##.####.....§.@..##.#
.....# #..............#
##..†#####..#...#.#..#.#
#............[.#.#....#
##########.........#......#
#..#......##.....#### #
##........##........# .
###.....###........##.
##........... ......


You could see a shock serpent.

Vanquished Creatures
  Rupert (Orc:2)
  2 thorn hunters (Swamp:3)
  Frances (D:12)
  Kirke (Swamp:3)
  Maud (D:12)
  Aizul (Swamp:3)
  Nessos (D:12)
  4 dire elephants (Lair:8)
  Snorg (Lair:3)
  An ettin (Orc:4)
  Josephine (Orc:3)
  8 vault guards (D:13)
  Erolcha (D:13)
  Harold (D:12)
  19 hydras
  A naga warrior (Snake:1)
  A catoblepas (Lair:6)
  4 centaur warriors
  22 death yaks
  An anaconda (Lair:8)
  7 alligators
  A spriggan berserker (Swamp:2)
  Urug (Orc:3)
  5 naga sharpshooters (Snake:1)
  5 spriggan druids
  3 swamp dragons
  5 orc knights
  3 shambling mangroves
  6 hill giants
  An orc sorcerer (Orc:3)
  3 hornets
  2 mana vipers (Snake:1)
  3 ugly things
  2 manticores
  16 black mambas
  3 griffons
  2 naga magi (Snake:1)
  A guardian serpent (Snake:1)
  Maurice (D:9)
  15 elephants
  3 torpor snails
  32 spiny frogs
  A gargoyle (D:13)
  11 komodo dragons
  7 fire drakes
  8 trolls
  6 giant leeches
  10 slime creatures
  A polar bear (Lair:7)
  Prince Ribbit (Lair:3)
  A two-headed ogre (D:10)
  A boulder beetle (Lair:8)
  A wind drake (shapeshifter) (D:13)
  7 bog bodies
  27 blink frogs
  8 wyverns
  Sigmund (D:3)
  A centaur simulacrum (D:10)
  8 spriggans
  2 deep elf magi (D:11)
  10 hippogriffs
  62 yaks
  4 basilisks
  2 shadows
  3 wraiths (Orc:3)
  14 vampire mosquitoes
  A hungry ghost (D:12)
  4 hogs (Swamp:3)
  22 wolves
  A steam dragon (Lair:6)
  4 wargs
  2 mottled dragons
  20 swamp worms
  12 porcupines
  8 nagas (Snake:1)
  29 water moccasins
  44 orc warriors
  3 black bears
  An eye of draining (D:13)
  10 ogres
  9 sky beasts
  7 swamp drakes
  6 phantoms
  11 wasps
  2 ice beasts
  A necrophage (D:9)
  13 crocodiles
  17 centaurs
  A big kobold (D:12)
  A gnoll sergeant (D:8)
  27 giant frogs
  2 wyvern skeletons
  4 scorpions
  2 water moccasin skeletons
  6 wights
  17 killer bees
  3 electric eels
  9 crimson imps
  7 jellies
  Crazy Yiuf (D:7)
  24 orc priests
  5 worker ants
  4 giant frog skeletons
  10 hounds
  28 orc wizards
  2 centaur skeletons
  12 iguanas
  23 sheep
  A hound zombie (D:5)
  3 hound skeletons
  4 worker ant zombies
  Robin (D:2)
  15 gnolls
  144 river rats
  6 shadow imps
  11 adders
  A white imp (D:10)
  3 oozes
  An ufetubus (D:10)
  2 adder zombies
  An adder skeleton (D:7)
  5 worms
  12 giant geckos
  174 orcs
  7 bats
  11 giant cockroaches
  22 goblins
  9 hobgoblins
  12 kobolds
  3 quokkas
  3 ball pythons
  2 giant gecko zombies
  A giant newt (D:2)
  16 jackals
  A jackal zombie (D:8)
  2 quokka skeletons
  5 rats
  6 fungi
  3 plants
1292 creatures vanquished.

Vanquished Creatures (collateral kills)
  A wasp (Swamp:2)
  A big kobold (D:7)
  2 killer bees (D:7)
  A centaur skeleton (D:10)
  3 adders
  A gnoll (D:1)
  A river rat (Lair:2)
  3 fungi (D:8)
13 creatures vanquished.

Vanquished Creatures (others)
  An orc warrior (Orc:4)
  A jelly (D:13)
  A bush (Lair:2)
  60 fungi
  74 plants
137 creatures vanquished.

Grand Total: 1442 creatures vanquished

Notes
Turn   | Place    | Note
--------------------------------------------------------------
     0 | D:1      | vale the Naga Wizard began the quest for the Orb.
     0 | D:1      | Reached XP level 1. HP: 15/15 MP: 4/4
   541 | D:1      | Reached XP level 2. HP: 22/22 MP: 1/6
   589 | D:1      | Learned a level 2 spell: Blink
   592 | D:1      | Learned a level 2 spell: Call Imp
  1087 | D:1      | Reached XP level 3. HP: 25/28 MP: 0/7
  1191 | D:1      | Learned a level 3 spell: Mephitic Cloud
  2342 | D:2      | Reached XP level 4. HP: 36/36 MP: 5/8
  2674 | D:2      | Noticed Robin
  2720 | D:2      | Killed Robin
  2720 | D:2      | Reached skill level 4 in Conjurations
  3698 | D:3      | Noticed Sigmund
  3907 | D:3      | Killed Sigmund
  3907 | D:3      | Reached skill level 6 in Conjurations
  3907 | D:3      | Reached XP level 5. HP: 23/42 MP: 0/9
  3907 | D:3      | Reached XP level 6. HP: 26/49 MP: 0/10
  5341 | D:4      | Learned a level 3 spell: Conjure Flame
  5388 | D:4      | Found a shadowy altar of Dithmenos.
  5462 | D:4      | Reached XP level 7. HP: 55/55 MP: 1/12
  5621 | D:4      | Found a staircase to the Ecumenical Temple.
  5697 | D:4      | Learned a level 2 spell: Repel Missiles
  5738 | Temple   | Entered the Ecumenical Temple
  5837 | Temple   | Became a worshipper of Cheibriados the Contemplative
  6271 | D:4      | Got a fine dagger
  6272 | D:4      | Identified the +8 dagger of Outrage {pierce, SInv Stlth+} (You found it on level 4 of the Dungeon)
  6379 | D:4      | Reached * piety under Cheibriados
  6427 | D:4      | Reached skill level 5 in Spellcasting
  6483 | D:5      | Entered Level 5 of the Dungeon
  6562 | D:5      | Reached XP level 8. HP: 62/62 MP: 3/16
  6751 | D:5      | Reached skill level 5 in Stealth
  6851 | D:5      | Reached ** piety under Cheibriados
  7048 | D:5      | Found a sacrificial altar of Ru.
  7049 | D:5      | Found a basalt altar of Yredelemnul.
  7049 | D:5      | Found a white marble altar of Elyvilon.
  7064 | D:5      | Found an iron altar of Okawaru.
  7065 | D:5      | Found a sparkling altar of Nemelex Xobeh.
  7648 | D:6      | Reached skill level 7 in Stealth
  7796 | D:6      | Reached XP level 9. HP: 68/68 MP: 20/20
  7846 | D:6      | Reached *** piety under Cheibriados
  7846 | D:6      | Reached skill level 8 in Stealth
  7942 | D:6      | Found a radiant altar of Vehumet.
  8847 | D:6      | Reached skill level 9 in Stealth
  9373 | D:7      | Reached **** piety under Cheibriados
  9747 | D:7      | Noticed Crazy Yiuf
  9753 | D:7      | Killed Crazy Yiuf
 10065 | D:7      | Reached skill level 10 in Stealth
 10305 | D:7      | Reached XP level 10. HP: 58/76 MP: 5/23
 10414 | D:7      | Reached ***** piety under Cheibriados
 10414 | D:7      | Reached skill level 1 in Fighting
 10431 | D:7      | Reached skill level 1 in Invocations
 11369 | D:8      | Found a staircase to the Lair.
 11497 | D:8      | Found a blossoming altar of Fedhas.
 12227 | D:9      | Found a shattered altar of Ashenzari.
 12289 | D:9      | Reached skill level 11 in Stealth
 12961 | D:9      | Reached skill level 5 in Fighting
 13327 | D:9      | Found a staircase to the Orcish Mines.
 13353 | D:9      | Reached ****** piety under Cheibriados
 13402 | D:9      | Noticed Maurice
 13404 | D:9      | Killed Maurice
 13404 | D:9      | Reached skill level 12 in Stealth
 13404 | D:9      | Reached XP level 11. HP: 97/97 MP: 24/24
 13944 | D:10     | Entered Level 10 of the Dungeon
 14170 | Lair:1   | Entered Level 1 of the Lair of Beasts
 14305 | Lair:1   | Reached skill level 5 in Invocations
 14524 | Lair:1   | Reached skill level 5 in Dodging
 14995 | Lair:1   | Noticed a five-headed hydra
 15003 | Lair:1   | Killed a five-headed hydra
 15319 | Lair:1   | Reached skill level 13 in Stealth
 16349 | Lair:2   | Noticed a seven-headed hydra
 16371 | Lair:2   | Killed a seven-headed hydra
 16586 | Lair:2   | Reached skill level 14 in Stealth
 16586 | Lair:2   | Reached XP level 12. HP: 109/109 MP: 25/25
 17277 | Lair:2   | Noticed a six-headed hydra
 17684 | Lair:2   | Killed a six-headed hydra
 17684 | Lair:2   | Reached skill level 15 in Stealth
 18683 | Lair:3   | Noticed Snorg
 18889 | Lair:3   | Noticed Prince Ribbit
 18891 | Lair:3   | Reached skill level 10 in Dodging
 18896 | Lair:3   | Killed Prince Ribbit
 18939 | Lair:3   | Reached skill level 16 in Stealth
 19522 | Lair:3   | Gained mutation: You can use your snake-like lower body to constrict enemies. [Naga growth]
 19522 | Lair:3   | Reached XP level 13. HP: 102/115 MP: 26/26
 19537 | Lair:3   | Killed Snorg
 19976 | Lair:4   | Found a staircase to the Swamp.
 20635 | Lair:5   | Found a staircase to the Snake Pit.
 20636 | Lair:5   | Reached skill level 10 in Invocations
 21260 | Lair:5   | Reached skill level 10 in Fighting
 22290 | Lair:6   | Reached XP level 14. HP: 130/133 MP: 27/27
 23393 | Lair:6   | Learned a level 6 spell: Freezing Cloud
 23621 | Lair:7   | Reached skill level 1 in Ice Magic
 24174 | Lair:7   | Reached skill level 1 in Air Magic
 24614 | Lair:7   | Found a staircase to the Slime Pits.
 24693 | Lair:8   | Entered Level 8 of the Lair of Beasts
 25100 | Lair:8   | Reached XP level 15. HP: 76/146 MP: 24/28
 25197 | Lair:8   | Identified a +4 rod of destruction (10/10) (You found it on level 8 of the Lair of Beasts)
 25726 | Lair:8   | Reached skill level 5 in Ice Magic
 27087 | Lair:8   | Reached skill level 1 in Short Blades
 27281 | Lair:4   | Reached skill level 5 in Air Magic
 27641 | D:10     | Noticed a hill giant
 27643 | D:10     | Killed a hill giant
 27883 | D:10     | Gained mutation: You have a pair of small antennae on your head. [potion of beneficial mutation]
 27950 | D:10     | Found a blossoming altar of Fedhas.
 29436 | D:12     | Reached XP level 16. HP: 157/157 MP: 29/29
 29468 | D:12     | Found a sparkling altar of Nemelex Xobeh.
 29483 | D:12     | Noticed Harold
 29490 | D:12     | Killed Harold
 29552 | D:12     | Noticed Maud
 29559 | D:12     | Killed Maud
 29670 | D:12     | Noticed Nessos
 29677 | D:12     | Killed Nessos
 29677 | D:12     | Reached skill level 10 in Conjurations
 29710 | D:12     | Noticed Frances
 29714 | D:12     | Killed Frances
 30147 | D:13     | Found a gate to the Vaults.
 30645 | D:13     | Noticed Erolcha
 30652 | D:13     | Killed Erolcha
 30917 | D:13     | Reached skill level 1 in Charms
 31353 | Orc:1    | Entered Level 1 of the Orcish Mines
 31775 | Orc:2    | Noticed Rupert
 31863 | Orc:2    | Killed Rupert
 32077 | Orc:3    | Found Ymaac's Gadget Boutique.
 32077 | Orc:3    | Found Baifam's Distillery.
 32083 | Orc:3    | Bought a potion of heal wounds for 65 gold pieces
 32083 | Orc:3    | Bought a potion of agility for 52 gold pieces
 32115 | Orc:3    | Found Cuun's Antique Armour Boutique.
 32176 | Orc:3    | Found a staircase to the Elven Halls.
 32191 | Orc:3    | Noticed Urug
 32199 | Orc:3    | Killed Urug
 32392 | Orc:3    | Found Tiyzxatie's Assorted Antiques.
 32430 | Orc:3    | Bought a scroll of teleportation for 66 gold pieces
 32430 | Orc:3    | Bought a scroll of enchant armour for 165 gold pieces
 32446 | Orc:3    | Found a bloodstained altar of Trog.
 32519 | Orc:3    | Noticed Josephine
 32692 | Orc:3    | Killed Josephine
 32958 | Orc:3    | Found Haipyapa's Magic Scroll Shop.
 32966 | Orc:3    | Bought a scroll of teleportation for 54 gold pieces
 32999 | Orc:4    | Entered Level 4 of the Orcish Mines
 33181 | Orc:4    | Found Kuxip's Armour Shoppe.
 33702 | Orc:4    | Found Bokaakau's Food Emporium.
 33702 | Orc:4    | Found Ejuwkuys's Weapon Boutique.
 33704 | Orc:4    | Found Dufat's Armour Shop.
 33706 | Orc:4    | Found Paecimn's Magic Scroll Shoppe.
 33711 | Orc:4    | Bought a +0 blowgun for 35 gold pieces
 33718 | Orc:4    | Bought a scroll of blinking for 120 gold pieces
 33718 | Orc:4    | Bought a scroll of blinking for 120 gold pieces
 33718 | Orc:4    | Bought a scroll of teleportation for 48 gold pieces
 33718 | Orc:4    | Bought a scroll of vulnerability for 120 gold pieces
 33718 | Orc:4    | Bought a scroll of enchant armour for 120 gold pieces
 33718 | Orc:4    | Bought a scroll of fear for 56 gold pieces
 33718 | Orc:4    | Bought a scroll of identify for 32 gold pieces
 33891 | Orc:3    | Bought a runed buckler for 130 gold pieces
 33891 | Orc:3    | Bought a brightly glowing robe for 165 gold pieces
 33902 | Orc:3    | Identified the cursed +1 robe "Jirat" {Slay+2 Stlth+} (You bought it in a shop on level 3 of the Orcish Mines)
 34292 | Orc:4    | Bought a scroll of brand weapon for 320 gold pieces
 34644 | Swamp:1  | Entered Level 1 of the Swamp
 34655 | Swamp:1  | Reached skill level 1 in Staves
 34699 | Swamp:1  | Learned a level 6 spell: Iron Shot
 34706 | Swamp:1  | Learned a level 6 spell: Statue Form
 35066 | Swamp:1  | Reached XP level 17. HP: 121/164 MP: 22/30
 35288 | Swamp:1  | Reached skill level 10 in Spellcasting
 36079 | Swamp:2  | Reached skill level 5 in Staves
 36835 | Swamp:3  | Noticed Aizul
 36865 | Swamp:3  | Noticed Kirke
 37362 | Swamp:3  | Killed Kirke
 37654 | Swamp:3  | Killed Aizul
 38617 | Snake:1  | Entered Level 1 of the Snake Pit
 38782 | Snake:1  | Found Xoch's General Store.
 38790 | Snake:1  | Bought 2 potions of heal wounds for 150 gold pieces
 38790 | Snake:1  | Bought a potion of curing for 45 gold pieces
 39075 | Snake:1  | HP: 8/164 [guardian serpent (15)]
 39076 | Snake:1  | Killed from afar by a shock serpent

Action                   |  1- 3 |  4- 6 |  7- 9 | 10-12 | 13-15 | 16-18 || total
-------------------------+-------+-------+-------+-------+-------+-------++-------
Melee: Hand axe          |     4 |       |       |       |       |       ||     4
       Dagger            |    14 |    61 |   176 |   710 |  1087 |   517 ||  2565
       Lajatang          |       |       |       |       |       |   361 ||   361
Throw: Throwing net      |       |       |       |     2 |     1 |     3 ||     6
 Cast: Magic Dart        |    79 |   115 |   160 |   196 |   138 |    71 ||   759
       Call Imp          |     3 |    12 |     4 |    19 |     4 |       ||    42
       Mephitic Cloud    |     1 |    10 |    28 |    69 |    84 |    37 ||   229
       Blink             |       |     1 |     1 |     5 |     8 |     7 ||    22
       Conjure Flame     |       |     1 |    13 |    53 |    81 |    24 ||   172
       Repel Missiles    |       |       |     5 |     2 |     1 |     5 ||    13
       Freezing Cloud    |       |       |       |       |       |    34 ||    34
Invok: Slouch            |       |       |       |     3 |    14 |     2 ||    19
       Temporal Distorti |       |       |       |     1 |     4 |    16 ||    21
       Step From Time    |       |       |       |     1 |       |     1 ||     2
 Abil: Spit Poison       |     3 |     8 |     4 |     9 |    11 |       ||    35
Evoke: Wand              |       |       |       |       |     1 |     2 ||     3
       Fan of gales      |       |       |       |       |     1 |       ||     1
  Use: Potion            |       |     1 |       |       |     1 |     3 ||     5
       Scroll            |       |       |    19 |     7 |    14 |    11 ||    51
 Stab: Sleeping          |       |       |    21 |    38 |    52 |    58 ||   169
       Confused          |       |       |     7 |    33 |    48 |    26 ||   114
       Distracted        |       |       |     1 |     3 |     3 |     2 ||     9
       Held in net/web   |       |       |       |       |       |     1 ||     1
  Eat: Chunk             |     3 |     5 |    11 |    17 |    26 |    26 ||    88
       Meat ration       |       |     1 |       |       |     1 |       ||     2
       Pizza             |       |       |       |     2 |     1 |       ||     3
       Beef jerky        |       |       |       |     1 |     1 |       ||     2
       Fruit             |       |       |       |       |       |     3 ||     3
       Bread ration      |       |       |       |       |       |     2 ||     2
